A
MOOSE JAW MOOSE @ ROCKVILLE REDHAWKS
09/18/2059
 
TOP OF THE 1ST
Moose Jaw Moose batting - Pitching for Rockville Redhawks : RHP Jessie Smith
Pitching: RHP Jessie Smith
Batting: RHB Henry Manginelli 0-0: SINGLE (Flyball, 5D, EV 100.0 MPH)
Batting: RHB Kyle Leonard 0-0: Foul Ball, location: 2F
0-1: Ball
1-1: Swinging Strike
1-2: Ball
2-2: Strikes out looking
Batting: SHB Jaylin Godsey 0-0: Ball
1-0: Ball
2-0: Ball
3-0: Base on Balls
Henry Manginelli to second
Batting: RHB Shelton Gallegos 0-0: Swinging Strike
0-1: Called Strike
Henry Manginelli steals 3rd base
0-2: Ball
1-2: Foul Ball, location: 2F
1-2: Ball
2-2: Fly out, F8 (Flyball, 8RXD, EV 100.6 MPH)
Runner from 3rd tags up, SCORES, no throw by CF
Batting: RHB Rory Elia Jr. 0-0: Ball
1-0: Ball
2-0: Ball
3-0: Base on Balls
Jaylin Godsey to second
Batting: RHB Nickolas Keyes 0-0: Ball
1-0: Called Strike
1-1: Fly out, F4 (Popup, 4D, EV 55.0 MPH)
Top of the 1st over - 1 run, 1 hit, 0 errors, 2 left on base; Moose Jaw 1 - Rockville 0
BOTTOM OF THE 1ST
Rockville Redhawks batting - Pitching for Moose Jaw Moose : LHP Stephen Mills
Pitching: LHP Stephen Mills
Batting: RHB Brian Heard 0-0: Called Strike
0-1: Swinging Strike
0-2: Ball
1-2: Foul Ball, location: 2F
1-2: Strikes out looking
Batting: RHB Aric Alderson 0-0: Ball
1-0: Called Strike
1-1: Ball
2-1: Ball
3-1: Foul Ball, location: 2F
3-2: Base on Balls
Batting: RHB Isaac Vogel 0-0: Ball
1-0: Ball
2-0: Ball
3-0: Base on Balls
Aric Alderson to second
Batting: SHB Cole Riley 0-0: SINGLE (Line Drive, 56D, EV 103.8 MPH)
Aric Alderson to third
Isaac Vogel to second
Runner from 3rd tries for Home, throw by LF and OUT! 7-2
Isaac Vogel to third
Cole Riley to second
Pinch Hitting: RHB Samuel Bowles 0-0: Ball
1-0: Ground out 5-3 (Groundball, 56S, EV 83.8 MPH)
Bottom of the 1st over - 0 runs, 1 hit, 0 errors, 2 left on base; Moose Jaw 1 - Rockville 0
TOP OF THE 2ND
Moose Jaw Moose batting - Pitching for Rockville Redhawks : RHP Jessie Smith
Now in RF: Bob Wise
Batting: SHB Brady Hill 0-0: Called Strike
0-1: Ground out 1-3 (Groundball, 34S, EV 69.4 MPH)
Batting: RHB Isaac Stewart 0-0: Called Strike
0-1: Ball
1-1: Ball
2-1: Ball
3-1: Foul Ball, location: 2F
3-2: Foul Ball, location: 2F
3-2: SINGLE (Line Drive, 7S, EV 97.5 MPH)
Batting: RHB Zeffross Tomita 0-0: Called Strike
0-1: Ball
1-1: Foul Ball, location: 2F
1-2: Ball
2-2: Foul Ball, location: 2F
2-2: Foul Ball, location: 2F
2-2: Ball
3-2: Fly out, F4 (Popup, 4, EV 56.9 MPH)
Batting: RHB Henry Manginelli 0-0: Ball
Isaac Stewart is caught stealing 2nd base 2-4
Top of the 2nd over - 0 runs, 1 hit, 0 errors, 0 left on base; Moose Jaw 1 - Rockville 0
BOTTOM OF THE 2ND
Rockville Redhawks batting - Pitching for Moose Jaw Moose : LHP Stephen Mills
Batting: RHB Asante Paula 0-0: Swinging Strike
0-1: Fly out, F6 (Popup, 6MS, EV 67.5 MPH)
Batting: RHB Chayse Bauer 0-0: Called Strike
0-1: Ball
1-1: Ball
2-1: TRIPLE (Line Drive, 9LM, EV 88.1 MPH)
Batting: RHB Lou Williams 0-0: Ball
1-0: Ball
2-0: Ball
3-0: Base on Balls
Batting: RHB Jim Cook 0-0: Called Strike
0-1: Ball
1-1: Foul Ball, location: 2F
1-2: Ball
2-2: Strikes out swinging
Batting: RHB Brian Heard 0-0: Called Strike
0-1: Ball
1-1: Swinging Strike
1-2: Ball
2-2: Fly out, F3 (Popup, 3F, EV 64.4 MPH)
Bottom of the 2nd over - 0 runs, 1 hit, 0 errors, 2 left on base; Moose Jaw 1 - Rockville 0
TOP OF THE 3RD
Moose Jaw Moose batting - Pitching for Rockville Redhawks : RHP Jessie Smith
Batting: RHB Henry Manginelli 0-0: DOUBLE (Line Drive, 8LXD, EV 113.1 MPH)
Batting: RHB Kyle Leonard 0-0: Called Strike
0-1: DOUBLE (Flyball, 7LD, EV 101.9 MPH)
Henry Manginelli scores
Batting: SHB Jaylin Godsey 0-0: Ball
1-0: Ball
2-0: Fly out, F7 (Flyball, 78M, EV 91.9 MPH)
Batting: RHB Shelton Gallegos 0-0: Foul Ball, location: 2F
0-1: Ball
1-1: Foul Ball, location: 2F
1-2: Ball
2-2: Foul Ball, location: 2F
2-2: Ball
3-2: DOUBLE (Line Drive, 9LM, EV 106.9 MPH)
Kyle Leonard scores
Batting: RHB Rory Elia Jr. 0-0: Ball
1-0: Ball
2-0: Ball
3-0: Called Strike
3-1: SINGLE (Groundball, 34D, EV 96.9 MPH)
Shelton Gallegos to third
Batting: RHB Nickolas Keyes 0-0: Foul Ball, location: 2F
0-1: Ball
1-1: Ball
2-1: Ball
3-1: Swinging Strike
3-2: Base on Balls
Rory Elia Jr. to second
Batting: SHB Brady Hill 0-0: Ball
1-0: Ball
2-0: Ball
3-0: Foul Ball, location: 2F
3-1: Base on Balls
Shelton Gallegos scores
Rory Elia Jr. to third
Nickolas Keyes to second
Pitching: RHP Reese Bartels
Batting: RHB Isaac Stewart 0-0: Grounds into fielders choice 6-2 (Groundball, 6, EV 92.5 MPH)
Nickolas Keyes to third
Brady Hill to second
Batting: RHB Zeffross Tomita 0-0: Foul Ball, location: 2F
0-1: SINGLE (Line Drive, 89S, EV 100.0 MPH)
Nickolas Keyes scores
Brady Hill to third
Isaac Stewart to second
Runner from 3rd tries for Home, throw by RF and OUT! 9-2
Top of the 3rd over - 4 runs, 5 hits, 0 errors, 2 left on base; Moose Jaw 5 - Rockville 0
BOTTOM OF THE 3RD
Rockville Redhawks batting - Pitching for Moose Jaw Moose : LHP Stephen Mills
Batting: RHB Aric Alderson 0-0: Called Strike
0-1: Foul Ball, location: 2F
0-2: Strikes out looking
Batting: RHB Isaac Vogel 0-0: Foul Ball, location: 2F
0-1: Foul Ball, location: 2F
0-2: Ball
1-2: Strikes out swinging
Batting: SHB Cole Riley 0-0: Called Strike
0-1: Swinging Strike
0-2: Strikes out looking
Bottom of the 3rd over - 0 runs, 0 hits, 0 errors, 0 left on base; Moose Jaw 5 - Rockville 0
TOP OF THE 4TH
Moose Jaw Moose batting - Pitching for Rockville Redhawks : RHP Reese Bartels
Batting: RHB Henry Manginelli 0-0: Called Strike
0-1: Ball
1-1: Foul Ball, location: 2F
1-2: Strikes out swinging
Batting: RHB Kyle Leonard 0-0: Ball
1-0: DOUBLE (Flyball, 8RXD, EV 111.9 MPH)
Batting: SHB Jaylin Godsey 0-0: Foul Ball, location: 2F
0-1: Ball
1-1: Foul Ball, location: 2F
1-2: Ball
2-2: Strikes out swinging
Batting: RHB Shelton Gallegos 0-0: Ground out 6-3 (Groundball, 6, EV 85.6 MPH)
Top of the 4th over - 0 runs, 1 hit, 0 errors, 1 left on base; Moose Jaw 5 - Rockville 0
BOTTOM OF THE 4TH
Rockville Redhawks batting - Pitching for Moose Jaw Moose : LHP Stephen Mills
Batting: RHB Bob Wise 0-0: Ball
1-0: Ground out 6-3 (Groundball, 56, EV 91.2 MPH)
Batting: RHB Asante Paula 0-0: SINGLE (Groundball, 6MD, EV 96.9 MPH)
Batting: RHB Chayse Bauer 0-0: Ball
1-0: Fly out, F8 (Flyball, 8RM, EV 96.9 MPH)
Batting: RHB Lou Williams 0-0: Called Strike
0-1: Called Strike
0-2: Foul Ball, location: 2F
0-2: Ball
1-2: Ball
2-2: Ball
3-2: Base on Balls
Asante Paula to second
Batting: RHB Jim Cook 0-0: Ball
1-0: Ball
2-0: Called Strike
2-1: Fielders Choice at 2nd, 5-4 (Groundball, 5, EV 85.6 MPH)
Bottom of the 4th over - 0 runs, 1 hit, 0 errors, 2 left on base; Moose Jaw 5 - Rockville 0
TOP OF THE 5TH
Moose Jaw Moose batting - Pitching for Rockville Redhawks : RHP Reese Bartels
Batting: RHB Rory Elia Jr. 0-0: DOUBLE (Line Drive, 78D, EV 106.2 MPH)
Batting: RHB Nickolas Keyes 0-0: Ground out 5-3 (Groundball, 5S, EV 73.1 MPH)
Rory Elia Jr. to third
Batting: SHB Brady Hill 0-0: Foul Ball, location: 2F
0-1: Ground out 4-3 (Groundball, 13, EV 79.4 MPH)
Rory Elia Jr. scores
Batting: RHB Isaac Stewart 0-0: Ball
1-0: Called Strike
1-1: Ball
2-1: Called Strike
2-2: Foul Ball, location: 2F
2-2: Strikes out swinging
Top of the 5th over - 1 run, 1 hit, 0 errors, 0 left on base; Moose Jaw 6 - Rockville 0
BOTTOM OF THE 5TH
Rockville Redhawks batting - Pitching for Moose Jaw Moose : LHP Stephen Mills
Batting: RHB Brian Heard 0-0: Called Strike
0-1: Ball
1-1: Called Strike
1-2: Strikes out looking
Batting: RHB Aric Alderson 0-0: Called Strike
0-1: Ball
1-1: Ball
2-1: Ground out 6-3 (Groundball, 6, EV 90.0 MPH)
Batting: RHB Isaac Vogel 0-0: Called Strike
0-1: Ball
1-1: SOLO HOME RUN (Flyball, 8LXD, EV 115.0 MPH), Distance : 440 ft
Batting: SHB Cole Riley 0-0: Ball
1-0: Foul Ball, location: 2F
1-1: Ball
2-1: Called Strike
2-2: Ground out 6-3 (Groundball, 6, EV 91.9 MPH)
Bottom of the 5th over - 1 run, 1 hit, 0 errors, 0 left on base; Moose Jaw 6 - Rockville 1
TOP OF THE 6TH
Moose Jaw Moose batting - Pitching for Rockville Redhawks : RHP Reese Bartels
Batting: RHB Zeffross Tomita 0-0: Ground out 6-3 (Groundball, P, EV 83.8 MPH)
Batting: RHB Henry Manginelli 0-0: Called Strike
0-1: Swinging Strike
0-2: Ball
1-2: Ball
2-2: Ball
3-2: Base on Balls
Batting: RHB Kyle Leonard 0-0: Called Strike
Henry Manginelli is caught stealing 2nd base 2-4
0-1: Ground out 6-3 (Groundball, 6, EV 89.4 MPH)
Top of the 6th over - 0 runs, 0 hits, 0 errors, 0 left on base; Moose Jaw 6 - Rockville 1
BOTTOM OF THE 6TH
Rockville Redhawks batting - Pitching for Moose Jaw Moose : LHP Stephen Mills
Batting: RHB Bob Wise 0-0: Called Strike
0-1: Called Strike
0-2: Foul Ball, location: 2F
0-2: Ball
1-2: Ground out 4-3 (Groundball, 4S, EV 88.8 MPH)
Batting: RHB Asante Paula 0-0: Ball
1-0: Fly out, F6 (Line Drive, 6M, EV 66.9 MPH)
Batting: RHB Chayse Bauer 0-0: Called Strike
0-1: Ball
1-1: Called Strike
1-2: Fly out, F8 (Flyball, 8LD, EV 85.0 MPH)
Bottom of the 6th over - 0 runs, 0 hits, 0 errors, 0 left on base; Moose Jaw 6 - Rockville 1
TOP OF THE 7TH
Moose Jaw Moose batting - Pitching for Rockville Redhawks : RHP Reese Bartels
Batting: SHB Jaylin Godsey 0-0: Foul Ball, location: 2F
0-1: Ball
1-1: Swinging Strike
1-2: Fly out, F8 (Flyball, 8RD, EV 95.6 MPH)
Batting: RHB Shelton Gallegos 0-0: Called Strike
0-1: Fly out, F9 (Flyball, 9D, EV 105.6 MPH)
Batting: RHB Rory Elia Jr. 0-0: Foul Ball, location: 2F
0-1: Foul Ball, location: 2F
0-2: Ball
1-2: Ball
2-2: Fly out, F8 (Flyball, 78D, EV 91.2 MPH)
Top of the 7th over - 0 runs, 0 hits, 0 errors, 0 left on base; Moose Jaw 6 - Rockville 1
BOTTOM OF THE 7TH
Rockville Redhawks batting - Pitching for Moose Jaw Moose : LHP Stephen Mills
Batting: RHB Lou Williams 0-0: Called Strike
0-1: Called Strike
0-2: Ball
1-2: Fly out, F8 (Flyball, 8LS, EV 83.1 MPH)
Batting: RHB Jim Cook 0-0: Ball
1-0: Foul Ball, location: 2F
1-1: SINGLE (Groundball, 4MD, EV 106.2 MPH)
Batting: RHB Brian Heard 0-0: Foul Ball, location: 2F
0-1: Foul Ball, location: 2F
0-2: Ball
1-2: Ball
2-2: Ball
3-2: SINGLE (Flyball, 78S, EV 93.8 MPH)
Jim Cook to second
Jim Cook to third
Pitching: RHP Sean Pritchard
Batting: RHB Aric Alderson 0-0: Ball
1-0: Called Strike
Brian Heard steals 2nd base
1-1: Ground out 6-3 (Groundball, 6, EV 93.1 MPH)
Jim Cook scores
Brian Heard to third
Batting: RHB Isaac Vogel 0-0: Ball
1-0: Foul Ball, location: 2F
1-1: Ball
2-1: Ball
3-1: Foul Ball, location: 2F
3-2: Base on Balls
Batting: SHB Cole Riley 0-0: Called Strike
0-1: Swinging Strike
0-2: Ball
1-2: Fielders Choice at 2nd, U4 (Groundball, 4M, EV 90.6 MPH)
Bottom of the 7th over - 1 run, 2 hits, 0 errors, 2 left on base; Moose Jaw 6 - Rockville 2
TOP OF THE 8TH
Moose Jaw Moose batting - Pitching for Rockville Redhawks : RHP Reese Bartels
Pitching: RHP Brennan Castiglia
Batting: RHB Nickolas Keyes 0-0: Ball
1-0: Fly out, F5 (Popup, 56, EV 78.8 MPH)
Batting: SHB Brady Hill 0-0: Called Strike
0-1: Swinging Strike
0-2: Ball
1-2: Ball
2-2: Foul Ball, location: 2F
2-2: Foul Ball, location: 2F
2-2: Foul Ball, location: 2F
2-2: Ball
3-2: Strikes out looking
Batting: RHB Isaac Stewart 0-0: Called Strike
0-1: Ground out 4-3 (Groundball, 4, EV 84.4 MPH)
Top of the 8th over - 0 runs, 0 hits, 0 errors, 0 left on base; Moose Jaw 6 - Rockville 2
BOTTOM OF THE 8TH
Rockville Redhawks batting - Pitching for Moose Jaw Moose : RHP Sean Pritchard
Batting: RHB Bob Wise 0-0: Ball
1-0: Foul Ball, location: 2F
1-1: Ball
2-1: Foul Ball, location: 2F
2-2: Ball
3-2: Foul Ball, location: 2F
3-2: Ground out U3 (Groundball, 34, EV 77.5 MPH)
Pitching: LHP Brian Cote
Batting: RHB Asante Paula 0-0: Ball
1-0: Foul Ball, location: 2F
1-1: SINGLE (Groundball, 4M, EV 80.0 MPH) (infield hit)
Batting: RHB Chayse Bauer 0-0: Called Strike
0-1: Ball
1-1: Ball
2-1: Called Strike
2-2: Strikes out swinging
Batting: RHB Lou Williams 0-0: Ball
1-0: Called Strike
1-1: SINGLE (Groundball, 13S, EV 71.2 MPH) (infield hit)
Asante Paula to second
Batting: RHB Jim Cook 0-0: Foul Ball, location: 2F
0-1: Swinging Strike
0-2: Strikes out looking
Bottom of the 8th over - 0 runs, 2 hits, 0 errors, 2 left on base; Moose Jaw 6 - Rockville 2
TOP OF THE 9TH
Moose Jaw Moose batting - Pitching for Rockville Redhawks : RHP Brennan Castiglia
Pitching: RHP Jacob Worford
Batting: RHB Zeffross Tomita 0-0: Foul Ball, location: 2F
0-1: SINGLE (Line Drive, 4MD, EV 95.0 MPH)
Batting: RHB Henry Manginelli 0-0: Ball
Zeffross Tomita steals 2nd base
1-0: Ground out 4-3 (Groundball, 34, EV 103.8 MPH)
Zeffross Tomita to third
Batting: RHB Kyle Leonard 0-0: Ball
1-0: Ball
2-0: Ball
3-0: Base on Balls
Batting: SHB Jaylin Godsey 0-0: Ball
1-0: Ball
2-0: Swinging Strike
2-1: Fly out, F7 (Line Drive, 78M, EV 90.6 MPH)
Batting: RHB Shelton Gallegos 0-0: Ball
1-0: Ball
2-0: Ball
3-0: Called Strike
3-1: Called Strike
3-2: Ground out 6-3 (Groundball, 56D, EV 101.9 MPH)
Top of the 9th over - 0 runs, 1 hit, 0 errors, 2 left on base; Moose Jaw 6 - Rockville 2
BOTTOM OF THE 9TH
Rockville Redhawks batting - Pitching for Moose Jaw Moose : LHP Brian Cote
Pitching: RHP Gage Clark
Batting: RHB Brian Heard 0-0: Ball
1-0: Ball
2-0: Reached on error, E5 (Groundball, 56, EV 103.8 MPH)
Batting: RHB Aric Alderson 0-0: Ball
1-0: Ball
2-0: Fly out, F9 (Line Drive, 9D, EV 97.5 MPH)
Batting: RHB Isaac Vogel 0-0: Ball
1-0: Ground out 4-3 (Groundball, 34, EV 102.5 MPH)
Brian Heard to second
Batting: SHB Cole Riley 0-0: Swinging Strike
0-1: Swinging Strike
0-2: Ball
1-2: Ball
2-2: SINGLE (Line Drive, 8LS, EV 99.4 MPH)
Brian Heard to third
Batting: RHB Bob Wise 0-0: Called Strike
0-1: Foul Ball, location: 2F
0-2: SINGLE (Line Drive, 89M, EV 86.9 MPH)
Brian Heard scores
Cole Riley to second
Batting: RHB Asante Paula 0-0: Ball
1-0: Ball
Wild Pitch!
Cole Riley to third
Bob Wise to second
2-0: Ball
3-0: Called Strike
3-1: Foul Ball, location: 2F
3-2: Fly out, F8 (Line Drive, 8LM, EV 100.6 MPH)
Bottom of the 9th over - 1 run, 2 hits, 1 error, 2 left on base; Moose Jaw 6 - Rockville 3
Tuesday, April 2nd , 2024 - OOTP Baseball 23.10 Build 110